 Dungeon Crawl Stone Soup version 0.22-a0-596-gfbd32a6 (webtiles) character file.

536 sking99 the Insei (level 7, -3/44 HPs)
             Began as an Octopode Transmuter on July 5, 2018.
             Was a Follower of Okawaru.
             Killed by divine providence
             ... invoked by an orc priest
              (11 damage)
             ... on level 4 of the Dungeon.
             The game lasted 00:07:31 (3712 turns).

sking99 the Insei (Octopode Transmuter)             Turns: 3712, Time: 00:07:33

Health: -3/44      AC:  2    Str: 10    XL:     7   Next: 25%
Magic:  7/11       EV: 19    Int: 17    God:    Okawaru [*.....]
Gold:   158        SH:  0    Dex: 17    Spells: 6/12 levels left

rFire    . . .     SeeInvis .     - Unarmed
rCold    . . .     Gourm    .   (shield currently unavailable)
rNeg     . . .     Faith    .   (helmet currently unavailable)
rPois    x         Spirit   .   (no amulet)
rElec    .         Reflect  .   (no ring)
rCorr    .         Harm     .   (no ring)
MR       .....                  (no ring)
Stlth    ++........             (no ring)
HPRegen  0.14/turn              (no ring)
MPRegen  0.12/turn              (no ring)
                                (no ring)
                                (no ring)

@: spider-form
A: tiny, almost no armour, stealthy swim, (amphibious), 8 rings, (constrict 8)
a: End Transformation, Heroism, Renounce Religion


You were on level 4 of the Dungeon.
You worshipped Okawaru.
Okawaru was aware of your devotion.
You were near starving.
You were a venomous arachnid creature.
You visited 1 branch of the dungeon, and saw 4 of its levels.

You collected 158 gold pieces.

Inventory:

Missiles
 a - 110 arrows (quivered)
Jewellery
 n - an uncursed ring of protection from cold {unknown}
Scrolls
 b - a scroll of amnesia {unknown}
 e - 5 scrolls of noise {unknown}
 g - a scroll of teleportation {unknown}
 h - 2 scrolls of fear {unknown}
 i - 3 scrolls of identify {unknown}
 l - a scroll of blinking {unknown}
 m - a scroll of remove curse {unknown}
 o - a scroll of magic mapping {unknown}
 p - a scroll of enchant armour {unknown}
Potions
 d - 3 potions of heal wounds {unknown}
 f - a potion of magic {unknown}
 j - 2 potions of invisibility {unknown}
 k - a potion of resistance {unknown}
 q - a potion of degeneration {unknown}
Comestibles
 c - 12 rations


   Skills:
 - Level 1.7 Fighting
 - Level 2.0 Dodging
 * Level 5.5 Unarmed Combat
 - Level 3.0 Spellcasting
 * Level 4.4 Transmutations
 + Level 2.9 Poison Magic
 + Level 0.5 Invocations


You had 6 spell levels left.
You knew the following spells:

 Your Spells              Type           Power        Failure   Level  Hunger
a - Beastly Appendage     Tmut           ###...       10%         1    None
b - Sticks to Snakes      Tmut           ###.....     13%         2    ##.....
c - Spider Form           Tmut/Pois      ###.......   28%         3    ###....

Your spell library contained the following spells:

 Spells                   Type           Power        Failure   Level  Hunger
 Blade Hands              Tmut           ###.......   80%         5    ######.
 Ice Form                 Ice/Tmut       ##......     77%         4    ####...


Dungeon Overview and Level Annotations

Branches:
Dungeon (4/15)
 Temple: D:4-7

Altars:
Cheibriados
Elyvilon
Kikubaaqudgha
Nemelex Xobeh
Okawaru
Trog

Annotations:
D:3 3 runed doors, Hebeh's ghost, amateur MiFi; sking99's ghost, amateur DrTm


Innate Abilities, Weirdness & Mutations

You cannot wear most types of armour.
You are very stealthy in the water. (Stealth+)
((You are amphibious.))
You can wear up to eight rings at the same time.
((You can use your tentacles to constrict eight enemies at once.))
((Your skin changes colour to match your surroundings (Stealth+).))
((Your rubbery body absorbs attacks. (AC +1, EV +1)))


Message History

You see here a scroll labeled QOLAMU GIFAU.
You closely miss the orc. The orc barely misses you.
The orc hits you but does no damage.
You hit the orc.
The orc is poisoned.
The orc is moderately wounded.
The orc completely misses you.
You closely miss the orc.
The orc is severely wounded.
You feel like a meek peon again. The orc hits you with a trident.
* * * LOW HITPOINT WARNING * * *
The orc priest calls upon Beogh to heal the orc.
The orc's wounds heal themselves!
You bite the orc!
You kill the orc!
Okawaru accepts your kill. The orc misses you.
The orc priest mumbles some strange prayers to Beogh against you.
Beogh smites you!
You die...

#.# ..# #####.## #.#
##....... ##.##
#...<.... ###...###
#..###.## ....... #..#
#.## ### #...# #..###...
.....###.#######...#####
.....o)s)........#.#
####....o..........#
#####.########### #.#
#.# ..# ..# .... ##


You could see an orc priest and an orc.

Vanquished Creatures
  2 eyes of draining (D:3)
  A bullfrog (D:3)
  A scorpion (D:4)
  A centaur zombie (D:2)
  An orc priest (D:4)
  2 worker ants (D:4)
  8 adders
  An ooze (D:1)
  5 worms
  A dart slug (D:1)
  3 leopard geckos
  5 orcs
  A ball python (D:3)
  4 giant cockroaches
  6 goblins
  4 hobgoblins
  4 jackals (D:2)
  5 kobolds
  3 bats
  5 frilled lizards
  2 rats
65 creatures vanquished.

Vanquished Creatures (others)
  2 withered plants (D:3)
2 creatures vanquished.

Grand Total: 67 creatures vanquished

Notes
Turn   | Place    | Note
-------+----------+-------------------------------------------
     0 | D:1      | sking99 the Octopode Transmuter began the quest for the Orb.
     0 | D:1      | Reached XP level 1. HP: 13/13 MP: 3/3
   158 | D:1      | Reached XP level 2. HP: 12/18 MP: 3/5
   850 | D:2      | Learned a level 2 spell: Sticks to Snakes
   873 | D:2      | Reached XP level 3. HP: 23/24 MP: 6/6
   878 | D:2      | Learned a level 3 spell: Spider Form
   943 | D:2      | Reached skill level 4 in Unarmed Combat
   943 | D:2      | Reached XP level 4. HP: 9/29 MP: 5/7
  1195 | D:2      | Reached skill level 1 in Poison Magic
  1252 | D:2      | Found a white marble altar of Elyvilon.
  1255 | D:2      | Found an ancient bone altar of Kikubaaqudgha.
  1258 | D:2      | Found an iron altar of Okawaru.
  1261 | D:2      | Found a snail-covered altar of Cheibriados.
  1271 | D:2      | Became a worshipper of Warmaster Okawaru
  2085 | D:3      | Noticed a bullfrog
  2094 | D:3      | Killed a bullfrog
  2094 | D:3      | Reached XP level 5. HP: 29/34 MP: 1/8
  2156 | D:3      | Found a sparkling altar of Nemelex Xobeh.
  2681 | D:3      | Noticed Hebeh's ghost (amateur MiFi)
  2681 | D:3      | Noticed sking99's ghost (amateur DrTm)
  2682 | D:3      | Found a runed gate.
  2682 | D:3      | Found a runed gate.
  2682 | D:3      | Found a runed gate.
  2807 | D:3      | Noticed an eye of draining
  2807 | D:3      | Noticed an eye of draining
  2824 | D:3      | Found a bloodstained altar of Trog.
  2837 | D:3      | Killed an eye of draining
  2837 | D:3      | Reached * piety under Okawaru
  2837 | D:3      | Reached XP level 6. HP: 28/39 MP: 0/10
  2845 | D:3      | Killed an eye of draining
  2845 | D:3      | Reached skill level 5 in Unarmed Combat
  3533 | D:4      | Reached XP level 7. HP: 38/44 MP: 4/11
  3712 | D:4      | Killed from afar by an orc priest

Vault maps used:
D:1:      dpeg_arrival_more_subterranean_lakeside_camping
D:2:      grunt_temple_overflow_cloverleaf, minmay_misc_feat_tiny
D:3:      nemelex_xobeh_ov_fountains_minmay, trog_eyes_of_draining,
          gammafunk_ghost_cemetery, grunt_ministairs_2

Skill      XL: |  1  2  3  4  5  6 |
---------------+-------------------+-----
Unarmed Combat | 4 5 |  5.5
Poison Magic   | 1 2 |  2.9
Transmutations | 3 4 |  4.4
Spellcasting   | 3 |  3.0
Fighting       | |  1.7
Dodging        | |  2.0
Invocations    | |  0.5

Action                   |  1- 3 |  4- 6 |  7- 9 || total
-------------------------+-------+-------+-------++-------
Melee: Unarmed           |    43 |   126 |    14 ||   183
       Constrict         |     9 |     8 |       ||    17
       Kick              |     7 |     1 |       ||     8
       Tentacles         |     4 |     5 |       ||     9
       Punch             |     1 |       |       ||     1
 Cast: Beastly Appendage |     9 |     3 |       ||    12
       Spider Form       |       |    20 |     3 ||    23
       Sticks to Snakes  |       |     3 |       ||     3
Invok: Heroism           |       |       |     2 ||     2
 Stab: Sleeping          |     3 |       |     1 ||     4
  Eat: Chunk             |       |    11 |       ||    11
Armor: Skin              |     3 |     9 |     1 ||    13
Dodge: Dodged            |    26 |    99 |    13 ||   138

Table legend:
 A = Spawn XP
 B = Non-spawn XP
 C = Spawn XP percentage of total XP
 D = Spawn monster count
 E = Non-spawn monster count
 F = Spawn count percentage of total count
 G = Total turns spent on level
                    A         B        C        D         E        F      G
               +---------+---------+-------+---------+---------+-------+---------
         Total |       0 |     766 |   0.0 |       0 |      65 |   0.0 |  3712
               +---------+---------+-------+---------+---------+-------+---------
           D:1 |       0 |      24 |   0.0 |       0 |      10 |   0.0 |   834
           D:2 |       0 |     106 |   0.0 |       0 |      20 |   0.0 |  1132
           D:3 |       0 |     440 |   0.0 |       0 |      28 |   0.0 |  1424
           D:4 |       0 |     196 |   0.0 |       0 |       7 |   0.0 |   322
               +---------+---------+-------+---------+---------+-------+---------
